Map: Orbital Shipyard

Players

SticklerMac

  • Race: Terran Terran
  • League: Bronze

Ashikabi - Winner!

  • Race: Protoss Protoss
  • League: Bronze

VOD

Have the link to the VOD?

Description

Time

  • Played on: July 26, 2015, 5:53 p.m.
  • Length: 6:06
Show
View Real Time Build Order
Export as new Build Order

SticklerMac Terran 

Build Orders:  

Get SALT Encoding   

  12  0:01  SCV  
  13  0:13  Supply Depot  
  13  0:18  SCV  
  14  0:30  SCV  
  15  0:37  Barracks  
  15  0:44  Refinery  
  15  0:45  SCV  
  16  0:57  SCV  
  16  1:01  Engineering Bay  
  17  1:26  Barracks  
  17  1:30  Barracks Tech Lab  
  17  1:37  Barracks  
  17  1:38  Missile Turret  
  17  1:43  SCV  
  18  2:02  Orbital Command  
  18  2:04  Marine  
  19  2:13  Stimpack  
  19  2:22  Barracks Reactor  
  19  2:28  Supply Depot  
  19  2:36  Missile Turret  
  19  2:42  Barracks Reactor  
  19  2:50  Marine  
  20  3:08  Marine  
  20  3:09  Marine x2  
  22  3:34  Marine x5  
  27  3:43  Supply Depot  
  27  3:52  Marine x4  
  31  3:57  Terran Infantry Weapons Level 1  
  31  4:04  Marine  
  31  4:07  Supply Depot  
  31  4:09  Marine  
  32  4:10  Marine x3  
  31  4:25  Marine  
  31  4:27  Marine x3  
  31  4:29  Supply Depot  
  30  4:43  Marine x2  
  30  4:45  Marine x3  
  32  5:01  Marine x2  
  32  5:03  Marine x3  
  27  5:19  Marine x2  
  27  5:21  Marine  
  19  5:38  Marine x2  
  19  5:39  Marine x2  
  14  5:48  Marine  
Show
View Real Time Build Order
Export as new Build Order

Ashikabi Protoss - Winner!

Build Orders: 1 Gate Expand, Mass Adepts 

Get SALT Encoding   

  12  0:00  Probe  
  13  0:17  Pylon  
  13  0:18  Probe  
  14  0:35  Probe (Chrono Boost)  
  15  0:44  Probe (Chrono Boost)  
  15  0:46  Gateway  
  16  0:52  Probe  
  17  1:04  Probe  
  18  1:16  Probe, Nexus  
  19  1:25  Assimilator  
  19  1:28  Probe (Chrono Boost)  
  20  1:34  Cybernetics Core  
  21  1:40  Probe (Chrono Boost)  
  21  1:47  Pylon  
  21  1:49  Probe (Chrono Boost)  
  22  2:05  Probe  
  23  2:08  Pylon  
  23  2:13  Gateway  
  23  2:14  Warp Gate (Chrono Boost)  
  23  2:21  Adept  
  23  2:22  Assimilator  
  25  2:25  Probe  
  26  2:37  Probe  
  27  2:54  Pylon  
  27  2:55  Adept (Chrono Boost)  
  31  3:08  Adept (Chrono Boost)  
  31  3:18  Adept (Chrono Boost)  
  33  3:30  Gateway  
  33  3:32  Gateway  
  33  3:39  Pylon  
  33  3:42  Robotics Facility  
  33  3:46  Probe  
  33  3:47  Probe  
  35  3:59  Probe x2  
  37  4:07  Gateway  
  37  4:21  Adept  
  37  4:22  Adept  
  33  4:47  Probe x2, Twilight Council  
  33  4:50  Forge  
  33  4:51  Assimilator  
  35  4:53  Adept x3  
  35  4:56  Adept  
  35  4:59  Probe x2  
  41  5:11  Probe x2  
  43  5:15  Adept x3  
  49  5:23  Probe x2  
  51  5:43  Adept x4  
Tags
 
Add a new tag
Caveats
  • Supply blocks, unpowered buildings, or Contaminate may cause inaccurate times.
  • Supply counts are checked every 10 seconds.